 Dungeon Crawl Stone Soup version 0.29.1-1-gd02db6906a (webtiles) character file.

Game seed: 6277165516352109594

403 Kaiern the Chiller (level 6, 0/36 HPs)
             Began as a Gargoyle Ice Elementalist on Oct 8, 2022.
             Slain by a yak (10 damage)
             ... on level 4 of the Dungeon.
             The game lasted 00:20:44 (4876 turns).

Kaiern the Chiller (Gargoyle Ice Elementalist)      Turns: 4876, Time: 00:20:44

Health: 0/36       AC: 10    Str: 12    XL:     6   Next: 86%
Magic:  10/12      EV: 11    Int: 21    God:
Gold:   254        SH:  0    Dex: 10    Spells: 9/13 levels left

rFire   + . .      SeeInvis .   E - +5 dagger
rCold   . . .      Faith    .   (no shield)
rNeg    + + .      Spirit   .   z - +0 leather armour
rPois   ∞          Reflect  .   e - +0 helmet
rElec   +          Harm     .   q - +0 cloak
rCorr   .          Rampage  .   u - +0 pair of gloves
Will    .....                   (no boots)
Stlth   ++........              (no amulet)
HPRegen 0.12/turn               A - ring "Caku Esa" {rF+ rN+ Int+4}
MPRegen 0.13/turn               (no ring)

@: no status effects
A: sickness immunity, AC +4, negative energy resistance 1, electricity
resistance, torment resistance 1, petrification resistance
a: no special abilities


You were on level 4 of the Dungeon.
You visited 1 branch of the dungeon, and saw 5 of its levels.

You collected 254 gold pieces.

Inventory:

Hand Weapons
 D - a +0 war axe
 E - a +5 dagger (weapon)
Missiles
 g - 5 poisoned darts (quivered)
Armour
 a - a +0 robe
 e - a +0 helmet (worn)
 q - a +0 cloak (worn)
 u - a +0 pair of gloves (worn)
 z - a +0 leather armour (worn)
Jewellery
 t - a ring of ice
 A - the ring "Caku Esa" (left hand) {rF+ rN+ Int+4}
   (You found it on level 4 of the Dungeon)

   [ring of protection from fire]

   Int:       It affects your intelligence (+4).
   rF:        It protects you from fire.
   rN:        It protects you from negative energy.
Wands
 y - a wand of quicksilver (8)
Scrolls
 c - 2 scrolls of enchant weapon {unknown}
 d - 5 scrolls of teleportation {unknown}
 f - a scroll of summoning {unknown}
 h - a scroll of vulnerability {unknown}
 i - a scroll of poison {unknown}
 k - 4 scrolls of identify {unknown}
 o - a scroll of blinking {unknown}
 v - a scroll of butterflies {unknown}
 w - a scroll of torment {unknown}
 x - a scroll of noise {unknown}
 B - 4 scrolls of fear {unknown}
 C - a scroll of brand weapon {unknown}
Potions
 b - 2 potions of magic
 j - a potion of haste {unknown}
 l - 2 potions of brilliance {unknown}
 m - a potion of might {unknown}
 n - 2 potions of degeneration {unknown}
 p - a potion of flight {unknown}
 r - 2 potions of curing {unknown}


   Skills:
 + Level 2.7 Fighting
 + Level 1.3 Armour
 - Level 1.7 Dodging
 - Level 2.4 Stealth
 + Level 4.2 Spellcasting
 + Level 5.8 Ice Magic


You had 9 spell levels left.
You knew the following spells:

 Your Spells              Type           Power      Damage    Failure   Level
a - Freeze                Ice            100%       1d11      1%          1
b - Frozen Ramparts       Ice            56%        1d9       4%          3

Your spell library contained the following spells:

 Spells                   Type           Power      Damage    Failure   Level
 Ozocubu's Armour         Ice            28%        N/A       4%          3
 Magic Dart               Conj           16%        1d3       16%         1
 Slow                     Hex            16%        N/A       16%         1
 Searing Ray              Conj           8%         2d4       22%         2
 Confusing Touch          Hex            4%         N/A       41%         3
 Gell's Gravitas          Tloc           4%         N/A       41%         3
 Lesser Beckoning         Tloc           4%         N/A       41%         3
 Teleport Other           Tloc           4%         N/A       41%         3
 Vampiric Draining        Necr           4%         2d6       41%         3
 Hailstorm                Conj/Ice       16%        3d6       41%         4
 Airstrike                Air            2%         2d(1-17)  83%         4
 Fulminant Prism          Conj/Hex       2%         3d6       83%         4
 Summon Lightning Spire   Summ/Air       4%         N/A       83%         4
 Lightning Bolt           Conj/Air       2%         1d13      99%         5


Dungeon Overview and Level Annotations

Branches:
Dungeon (5/15)
 Temple: D:4-7

Altars:
Gozag

Annotations:
D:2 1 runed translucent door, Crazy Yiuf
D:3 3 runed translucent doors, bogdani's ghost, amateur HOBe


Innate Abilities, Weirdness & Mutations

You are immune to sickness and miasma.
Your stone body is resilient. (AC +4)
You are immune to poison.
You resist negative energy. (rN+)
You are resistant to electric shocks. (rElec)
You are resistant to unholy torment.
You are immune to petrification.


Message History

The yak gores you but does no damage. The yak attacks as you move away!
The yak gores you!
Casting: Frozen Ramparts (dangerous; 4% risk of failure)
Confirm with . or Enter, or press ? or * to list all spells.
Casting: Frozen Ramparts (dangerous; 4% risk of failure)
Press: ? - help, Dir - look around, f - activate The walls around you are covered in ice.
The wall freezes the yak but does no damage.
The yak gores you.
You hit the yak but do no damage.
The wall freezes the yak but does no damage.
The yak barely misses you.
You hit the yak but do no damage.
The wall freezes the yak but does no damage.
The yak closely misses you.
You completely miss the yak.
The wall freezes the yak.
The yak completely misses you.
You closely miss the yak.
The yak is lightly wounded.
The wall freezes the yak.
The yak misses you.
You barely miss the yak.
The yak is moderately wounded.
The wall freezes the yak.
The yak completely misses you.
You hit the yak but do no damage.
The yak is moderately wounded.
The wall freezes the yak.
The yak gores you!
You hit the yak.
The yak is heavily wounded.
The wall freezes the yak!
The yak gores you!
* * * LOW HITPOINT WARNING * * *
You hit the yak.
The yak is severely wounded.
The wall freezes the yak.
The yak barely misses you.
You hit the yak.
The yak is almost dead.
The wall freezes the yak.
The yak closely misses you.
You hit the yak.
The yak is almost dead.
The frozen ramparts melt away.
The yak gores you!
You die...

#### #... #... #... ######
######## ############)# .....#
#....Y@###.#.....#.##.# .....#
#...>..#...#.....#....# .....#
#......#...'.....#....# .....#
#......'...#.....#....#
.....######......###.#.....#'####
#####..#..##'#######.##+#).....##
..................#.....#......#.
..................#.....#......#.
..................#.....#......#.


You could see a yak.

Vanquished Creatures
  An ogre (D:4)
  Jessica (D:3)
  Natasha (thrice) (D:3)
  An orc wizard (D:4)
  7 gnolls (D:3)
  2 adders
  4 dart slugs
  11 orcs
  9 ball pythons
  6 endoplasms
  3 giant cockroaches
  11 goblins
  4 hobgoblins
  2 jackals (D:4)
  9 kobolds
  5 quokkas
  5 bats
  5 frilled lizards
  4 rats (D:1)
93 creatures vanquished.

Vanquished Creatures (others)
  A fungus (D:3)
  2 plants (D:3)
3 creatures vanquished.

Grand Total: 96 creatures vanquished

Notes
Turn   | Place    | Note
-------+----------+-------------------------------------------
     0 | D:1      | Kaiern the Gargoyle Ice Elementalist began the quest for
                  | the Orb.
     0 | D:1      | Reached XP level 1. HP: 10/10 MP: 3/3
    10 | D:1      | Found a faded altar of an unknown god.
   143 | D:1      | Reached XP level 2. HP: 15/15 MP: 3/5
   569 | D:1      | Reached XP level 3. HP: 19/19 MP: 4/6
   574 | D:1      | Learned a level 3 spell: Frozen Ramparts
  1432 | D:2      | Found a runed translucent door.
  1433 | D:2      | Noticed Crazy Yiuf
  1975 | D:3      | Reached XP level 4. HP: 24/24 MP: 6/8
  2054 | D:3      | Found a runed translucent gate.
  2054 | D:3      | Found a runed translucent gate.
  2054 | D:3      | Found a runed translucent gate.
  2055 | D:3      | Noticed a kobold brigand
  2055 | D:3      | Noticed bogdani's ghost (amateur HOBe)
  2193 | D:3      | Noticed Jessica
  2232 | D:3      | Noticed Natasha
  2452 | D:3      | Killed Natasha
  2453 | D:3      | Reached skill level 5 in Ice Magic
  2561 | D:3      | Found an opulent altar of Gozag.
  2566 | D:3      | Noticed Natasha
  2573 | D:3      | Reached XP level 5. HP: 28/28 MP: 6/10
  2576 | D:3      | Killed Natasha
  2579 | D:3      | Reached skill level 1 in Fighting
  3353 | D:3      | Noticed Natasha
  3367 | D:3      | Killed Natasha
  3368 | D:3      | Reached XP level 6. HP: 35/35 MP: 7/11
  3414 | D:3      | Killed Jessica
  3606 | D:4      | Identified the ring "Caku Esa" {rF+ rN+ Int+4}
  3836 | D:4      | Reached skill level 1 in Armour
  4844 | D:5      | Entered Level 5 of the Dungeon
  4852 | D:5      | Noticed a yak
  4853 | D:5      | Noticed a yak
  4860 | D:5      | Noticed a yak
  4861 | D:5      | Noticed a yak
  4876 | D:4      | Slain by a yak

Illustrated notes

Levels and vault maps discovered:
D:1:      spicycebolla_arrival_clurvy, layout_basic,
          shapermc_ecumenical_altar_starsandcircs
D:2:      layout_loops_ring, uniq_crazy_yiuf_cottage
D:3:      layout_basic, grunt_gozag_breadcrumbs, gammafunk_ghost_nasty_kobolds,
          amcnicky_mini_pool_small, minmay_misc_feat_room, uniq_jessica,
          uniq_natasha
D:4:      layout_gridville
D:5:      layout_gridville, nicolae_overflow_hidden_temple, kennysheep_mini,
          chequers_ossuary_entry_cave, portal_sewer_entry_d,
          serial_bayou_crossing

Skill      XL: |  1  2  3  4  5  6 |
---------------+-------------------+-----
Spellcasting   | 3 4 |  4.2
Ice Magic      | 5 |  5.8
Fighting       | 1 2 |  2.7
Armour         | 1 |  1.3
Dodging        | |  1.7
Stealth        | |  2.4

Action                   |  1- 3 |  4- 6 || total
-------------------------+-------+-------++-------
Melee: Unarmed           |     3 |       ||     3
       Whip              |    10 |       ||    10
       Mace              |       |    27 ||    27
       Dagger            |       |    10 ||    10
       War axe           |       |     9 ||     9
Throw: Dart              |     4 |    29 ||    33
 Cast: Freeze            |    63 |    33 ||    96
       Frozen Ramparts   |       |    15 ||    15
 Stab: Sleeping          |       |     1 ||     1
Armor: Robe              |    10 |    13 ||    23
       Leather armour    |       |    13 ||    13
Dodge: Dodged            |    33 |    46 ||    79
